 Dungeon Crawl Stone Soup version 0.21.1-1-g345015f (webtiles) character file.

170 rgaf the Sneak (level 5, 0/35 HPs)
             Began as a Vampire Enchanter on June 21, 2018.
             Slain by an orc
             ... wielding a +0 flail
              (11 damage)
             ... on level 2 of the Dungeon.
             The game lasted 00:05:48 (3648 turns).

rgaf the Sneak (Vampire Enchanter)                  Turns: 3648, Time: 00:05:48

Health: 0/35       AC:  3    Str:  8    XL:     5   Next: 26%
Magic:  1/8        EV: 12    Int: 18    God:
Gold:   124        SH:  0    Dex: 14    Spells: 5/8 levels left

rFire    . . .     SeeInvis +   e - -1 dagger (curse)
rCold    . . .     Gourm    .   (no shield)
rNeg     + . .     Faith    .   b - +0 robe
rPois    .         Spirit   .   (no helmet)
rElec    .         Reflect  .   (no cloak)
rCorr    .         Harm     .   (no gloves)
MR       .....                  k - +0 pair of boots
Stlth    +++.......             (no amulet)
HPRegen  0.11/turn              (no ring)
MPRegen  0.11/turn              (no ring)

@: no status effects
A: fangs 3, see invisible, unbreathing
a: Bat Form


You were on level 2 of the Dungeon.
You were not thirsty.

You visited 1 branch of the dungeon, and saw 3 of its levels.

You collected 124 gold pieces.

Inventory:

Hand Weapons
 a - a +1 dagger
 e - a cursed -1 dagger (weapon)
Armour
 b - a +0 robe (worn)
 k - a +0 pair of boots (worn)
Scrolls
 f - a scroll of identify
 j - a scroll of enchant armour
Potions
 d - 18 potions of blood
 g - 2 potions of berserk rage
 h - a potion of heal wounds {unknown}
 i - 2 potions of curing {unknown}
 m - a potion of lignification {unknown}
Books
 c - a book of Maledictions

   Spells                             Type                      Level
   a - Corona                         Hexes                        1
   b - Ensorcelled Hibernation        Hexes/Ice                    2
   c - Confuse                        Hexes                        3
   d - Tukima's Dance                 Hexes                        3
   e - Dazzling Spray                 Conjuration/Hexes            3


   Skills:
 + Level 3.8 Short Blades
 - Level 2.1 Dodging
 + Level 7.1 Stealth
 - Level 2.0 Spellcasting
 * Level 4.9 Hexes


You had 5 spell levels left.
You knew the following spells:

 Your Spells              Type           Power        Failure   Level  Hunger
a - Corona                Hex            ###....      2%          1    #......
b - Ensorcelled Hibernat  Hex/Ice        ##....       10%         2    ###....


Dungeon Overview and Level Annotations

Branches:
Dungeon (3/15)

Altars:
Ru


Innate Abilities, Weirdness & Mutations

You have razor-sharp teeth.
You have supernaturally acute eyesight. (SInv)
You can survive without breathing.


Message History

Confirm with . or Enter, or press ? or * to list all spells.
Aiming: Ensorcelled Hibernation
Press: ? - help, Shift-Dir - straight line, f/p - orc
Aim: an orc, wielding a flail and wearing a runed ring mail (lightly wounded, not susceptible)
Okay, then.
Casting: Ensorcelled Hibernation
Confirm with . or Enter, or press ? or * to list all spells.
Aiming: Corona
Press: ? - help, Shift-Dir - straight line, f/p - orc
Aim: an orc, wielding a flail and wearing a runed ring mail (lightly wounded, chance to defeat MR: 73%)
The orc is outlined in light.
The orc hits you with a flail.
You hit the orc but do no damage.
The orc is lightly wounded.
You hit the orc but do no damage.
The orc is lightly wounded.
The orc barely misses you.
You hit the orc but do no damage. You bite the orc, but do no damage.
The orc is lightly wounded.
The orc hits you with a flail!
You die...

##...## #.# #.##.#
##+## #.# #.##.# #
#.# #.# #....#
###.### #.# ####.#
......###.# #.#
##......#.######.#
#.....#.#...)...l#
##....#.########o#
#..#.#.########@#
#.##..........).#
#.####.##########
#.####)# #......#
########


You could see an orc and a frilled lizard.

Vanquished Creatures
  An orc wizard (D:3)
  Terence (D:2)
  4 adders
  3 dart slugs
  6 orcs
  A ball python (D:3)
  7 bats
  4 giant cockroaches
  7 goblins
  13 hobgoblins
  4 jackals
  A quokka (D:3)
  3 frilled lizards
  11 kobolds
  2 toadstools (D:1)
68 creatures vanquished.

Vanquished Creatures (others)
  2 toadstools (D:1)
2 creatures vanquished.

Grand Total: 70 creatures vanquished

Notes
Turn   | Place    | Note
-------+----------+-------------------------------------------
     0 | D:1      | rgaf the Vampire Enchanter began the quest for the Orb.
     0 | D:1      | Reached XP level 1. HP: 13/13 MP: 3/3
   175 | D:1      | Reached XP level 2. HP: 17/19 MP: 5/5
   306 | D:1      | Learned a level 2 spell: Ensorcelled Hibernation
   324 | D:1      | Reached skill level 5 in Stealth
   972 | D:1      | Reached XP level 3. HP: 18/24 MP: 6/6
  1383 | D:2      | Noticed Terence
  1387 | D:2      | Killed Terence
  1387 | D:2      | Reached skill level 6 in Stealth
  1387 | D:2      | Reached XP level 4. HP: 25/30 MP: 7/7
  3152 | D:3      | Found a sacrificial altar of Ru.
  3185 | D:3      | Reached skill level 7 in Stealth
  3185 | D:3      | Reached XP level 5. HP: 18/35 MP: 0/8
  3648 | D:2      | Slain by an orc

Skill      XL: |  1  2  3  4 |
---------------+-------------+-----
Stealth        | 5 6 7 |  7.1
Short Blades   | 2 3 |  3.8
Dodging        | |  2.1
Spellcasting   | |  2.0
Hexes          | |  4.9

Action                   |  1- 3 |  4- 6 || total
-------------------------+-------+-------++-------
Melee: Dagger            |   111 |   236 ||   347
       Bite              |     7 |    19 ||    26
 Cast: Corona            |     1 |     1 ||     2
       Ensorcelled Hiber |     6 |    30 ||    36
  Use: Scroll            |     3 |     1 ||     4
       Potion            |     1 |     6 ||     7
 Stab: Sleeping          |    16 |    20 ||    36
       Invisible         |       |     1 ||     1
Armor: Robe              |    38 |    55 ||    93
Dodge: Dodged            |    91 |   167 ||   258
